 Dungeon Crawl Stone Soup version 0.27-a0-262-gc50aac273e (webtiles) character file.

Game seed: 5994462662147423024

14069 kae the Grappler (level 11, 0/94 HPs)
             Began as a Grey Draconian Transmuter on Feb 4, 2021.
             Was an Initiate of Ru.
             Slain by a death yak (19 damage)
             ... on level 2 of the Lair of Beasts.
             The game lasted 00:13:19 (18305 turns).

kae the Grappler (Grey Draconian Transmuter)       Turns: 18305, Time: 00:13:20

Health: 0/94       AC: 14    Str: 15    XL:     11   Next: 83%
Magic:  13/18      EV: 16    Int: 14    God:    Ru [......]
Gold:   712        SH:  0    Dex: 14    Spells: 7/20 levels left

rFire    + . .     SeeInvis .     - Unarmed
rCold    x . .     Faith    .   (shield currently unavailable)
rNeg     . . .     Spirit   .   (armour unavailable)
rPois    +         Reflect  .   c - +0 hat
rElec    .         Harm     .   b - +1 cloak of Daqum {Dex+2}
rCorr    .         Rampage  .   (gloves currently unavailable)
Will     .....                  (no boots)
Stlth    ++........             (no amulet)
HPRegen  0.25/turn              A - ring of wizardry
MPRegen  0.16/turn              H - ring "Arucroiq" {+Fly rPois rF+ rC- Stlth+}

@: blade hands
A: walk through water, unfitting armour, unbreathing, cold-blooded, AC +12
a: End Transformation, Renounce Religion, Evoke Flight


You were on level 2 of the Lair of Beasts.
You worshipped Ru.
Ru was noncommittal.
You had blades for hands.
You visited 3 branches of the dungeon, and saw 14 of its levels.

You collected 810 gold pieces.
You spent 98 gold pieces at shops.

Inventory:

Armour
 b - the +1 cloak of Daqum (worn) {Dex+2}
   (You acquired it on level 10 of the Dungeon)

   It affects your dexterity (+2).
 c - a +0 hat (worn)
Jewellery
 h - an uncursed ring of ice
 n - an uncursed ring of protection from cold
 p - a +4 ring of protection
 r - an uncursed ring of magical power
 A - a ring of wizardry (left scythe-like blade)
 H - the ring "Arucroiq" (right scythe-like blade) {+Fly rPois rF+ rC- Stlth+}
   (You found it on level 9 of the Dungeon)

   [ring of protection from fire]

   It protects you from fire.
   It makes you vulnerable to cold.
   It protects you from poison.
   It lets you fly.
   It makes you more stealthy.
 J - an uncursed ring of flight
Wands
 i - a wand of digging (1)
 m - a wand of mindburst (11)
 o - a wand of flame (35)
 t - a wand of charming (4)
 x - a wand of random effects (26)
 E - a wand of acid (12)
 I - a wand of paralysis (9)
 K - a wand of iceblast (8)
Scrolls
 a - 3 scrolls of enchant armour
 d - 6 scrolls of teleportation
 e - 7 scrolls of remove curse
 j - a scroll of acquirement
 l - 2 scrolls of immolation
 y - 3 scrolls of identify
 D - 2 scrolls of amnesia
 F - 2 scrolls of fog
 G - a scroll of magic mapping
Potions
 f - 3 potions of might
 g - 4 potions of ambrosia {unknown}
 k - 7 potions of curing
 s - 2 potions of brilliance
 u - 3 potions of mutation
 v - a potion of berserk rage
 w - 3 potions of attraction
 z - a potion of lignification
 B - a potion of flight
 C - 3 potions of invisibility


   Skills:
 + Level 8.3 Fighting
 + Level 7.1 Dodging
 * Level 11.1 Unarmed Combat
 - Level 5.2 Spellcasting
 + Level 7.8 Transmutations
 - Level 5.0 Ice Magic
 - Level 3.0 Poison Magic
 + Level 4.6 Evocations


You had 7 spell levels left.
You knew the following spells:

 Your Spells              Type           Power        Failure   Level
a - Beastly Appendage     Tmut           50%          5%          1
b - Spider Form           Tmut/Pois      9%           14%         3
c - Ice Form              Ice/Tmut       21%          22%         4
d - Blade Hands           Tmut           12%          30%         5

Your spell library contained the following spells:

 Spells                   Type           Power        Failure   Level
 Wereblood                Tmut           25%          6%          2
 Foxfire                  Conj/Fire      12%          28%         1
 Petrify                  Tmut/Erth      14%          43%         4
 Confusing Touch          Hex            3%           52%         3
 Conjure Flame            Conj/Fire      3%           52%         3
 Gell's Gravitas          Tloc           1%           52%         3
 Inner Flame              Hex/Fire       3%           52%         3
 Yara's Violent Unravell  Hex/Tmut       7%           67%         5
 Sticky Flame             Conj/Fire      3%           82%         4
 Metabolic Englaciation   Hex/Ice        5%           82%         5
 Fireball                 Conj/Fire      1%           98%         5


Dungeon Overview and Level Annotations

Branches:
Dungeon (10/15)            Temple (1/1) D:6            Lair (3/6) D:9
    Orc (0/2) D:10
  Swamp: Lair:2-4    Shoals: Lair:2-4     Snake: Lair:2-4    Spider: Lair:2-4

Altars:
Ashenzari
Cheibriados
Dithmenos
Elyvilon
Fedhas
Gozag
Hepliaklqana
Kikubaaqudgha
Makhleb
Nemelex Xobeh
Okawaru
Qazlal
Ru
Sif Muna
Trog
Uskayaw
Vehumet
Wu Jian
Xom
Yredelemnul
Zin
The Shining One

Shops:
D:5 *(((   D:6 [   D:8 ?

Annotations:
Lair:2 exclusion: electric eel


Innate Abilities, Weirdness & Mutations

You can walk through water.
Your dull iron-grey scales are very hard. (AC +12)
You cannot fit into any form of body armour.
You can survive without breathing.
You are cold-blooded and may be slowed by cold attacks.


Message History

The water moccasin barely misses you.
There is an open door, spattered with blood here.
Things that are here:
a death yak skeleton; a death yak skeleton
Casting: Blade Hands (dangerous; 8% risk of failure)
Confirm with . or Enter, or press ? or * to list all spells.
Your hands turn into razor-sharp scythe blades.
The death yak gores you!
Unknown command.
You slash the death yak!
The death yak is lightly wounded.
The death yak misses you.
You slice the death yak!!
The death yak is heavily wounded.
The death yak gores you!!
* * * LOW HITPOINT WARNING * * *
You shred the death yak!!!
The death yak is almost dead.
The death yak gores you!!
You die...

#.#..+#### #..##....###
##........# #.#.##.#+#.#
#.#.......# #...........
###.......###...........
#..........#...........
#....>......+..........
#....SYY.###...........
##.###Y####P.###...####
### #@## #..####.[.# #
#..# ##..###.### ###
##.####.###P.###
#.###P'P##...###.#.#
##...P...##..##...##
#.........#.####..#
##.......##.# #..#
#........##.####)## #
#........#..P##..#####


You could see 3 death yaks and a water moccasin.

Vanquished Creatures
  2 hydras
  2 death yaks (Lair:2)
  Joseph (D:7)
  Maurice (D:8)
  2 cane toads (Lair:1)
  Maggie (D:7)
  2 komodo dragons
  A queen bee (Lair:2)
  7 blink frogs
  Sigmund (D:4)
  A wyvern (Lair:1)
  Eustachio (D:4)
  11 yaks
  3 water moccasins
  A black bear (Lair:1)
  2 ice beasts
  4 orc warriors
  2 sky beasts
  6 centaurs
  2 ogres
  A phantom (D:8)
  3 big kobolds (D:6)
  9 bullfrogs
  A wyvern skeleton (D:10)
  3 scorpions
  31 killer bees
  3 wights (D:9)
  A howler monkey (D:9)
  A centaur zombie (D:8)
  4 hounds
  Crazy Yiuf (D:7)
  3 bullfrog skeletons
  6 orc priests
  3 iguanas
  17 orc wizards
  8 worker ants
  A hound skeleton (D:10)
  A howler monkey zombie (D:7)
  4 gnolls (D:7)
  2 howler monkey skeletons
  12 adders
  A shadow imp (D:7)
  2 white imps
  2 ufetubi
  3 oozes
  An adder skeleton (D:4)
  3 worms
  2 dart slugs
  6 leopard geckos
  45 orcs
  A ball python (D:4)
  4 bats
  9 giant cockroaches
  5 goblins
  6 hobgoblins
  10 jackals
  6 kobolds
  3 quokkas
  8 frilled lizards
  A jackal zombie (D:7)
  10 rats
296 creatures vanquished.

Vanquished Creatures (others)
  An orc wizard (D:7)
  3 fungi
  18 plants
22 creatures vanquished.

Grand Total: 318 creatures vanquished

Notes
Turn   | Place    | Note
-------+----------+-------------------------------------------
     0 | D:1      | kae the Draconian Transmuter began the quest for the Orb.
     0 | D:1      | Reached XP level 1. HP: 16/16 MP: 3/3
   302 | D:1      | Reached XP level 2. HP: 20/23 MP: 3/5
   715 | D:1      | Found an iron altar of Okawaru.
  1049 | D:2      | Noticed an ogre
  1309 | D:2      | Reached XP level 3. HP: 26/28 MP: 4/6
  1313 | D:2      | Learned a level 3 spell: Spider Form
  1541 | D:1      | Killed an ogre
  1542 | D:1      | Reached skill level 4 in Unarmed Combat
  1542 | D:1      | Reached XP level 4. HP: 33/36 MP: 4/7
  1756 | D:2      | Reached XP level 5. HP: 41/41 MP: 6/8
  2443 | D:3      | Reached skill level 1 in Poison Magic
  3113 | D:3      | Noticed a moth of wrath
  3115 | D:3      | Found a bloodstained altar of Trog.
  3460 | D:4      | Noticed Sigmund
  3844 | D:4      | Reached XP level 6. HP: 47/50 MP: 10/10
  4050 | D:4      | Killed Sigmund
  4198 | D:4      | Noticed Eustachio
  4972 | D:4      | Learned a level 4 spell: Ice Form
  4985 | D:4      | Killed Eustachio
  4986 | D:4      | Reached skill level 5 in Unarmed Combat
  4986 | D:4      | Reached skill level 1 in Ice Magic
  4986 | D:4      | Your scales start taking on a dull iron-grey colour.
  4986 | D:4      | Reached XP level 7. HP: 57/57 MP: 11/11
  4986 | D:4      | Gained mutation: You can survive without breathing. [Grey
                  | Draconian growth]
  5017 | D:5      | Entered Level 5 of the Dungeon
  5115 | D:5      | Found Evully's Weapon Shoppe.
  5226 | D:5      | Found Wautopurph's Weapon Shop.
  5502 | D:5      | Found a radiant altar of Vehumet.
  5601 | D:5      | Found Paatas's Assorted Antiques.
  5610 | D:5      | Bought 2 dark potions for 46 gold pieces
  5696 | D:5      | Found Otuop's Antique Weapon Emporium.
  6711 | D:6      | Reached XP level 8. HP: 38/66 MP: 2/13
  6976 | D:6      | Found a hide-covered altar of Uskayaw.
  7043 | D:6      | Reached skill level 6 in Unarmed Combat
  7235 | D:6      | Found a sparkling altar of Nemelex Xobeh.
  7305 | D:6      | Found a shimmering altar of Xom.
  7342 | D:6      | Found Apem's Armour Boutique.
  7555 | D:6      | Found an ancient bone altar of Kikubaaqudgha.
  7557 | D:6      | Found a blossoming altar of Fedhas.
  7633 | D:6      | Found a shimmering blue altar of Sif Muna.
  7633 | D:6      | Found a shadowy altar of Dithmenos.
  7794 | D:6      | Found a staircase to the Ecumenical Temple.
  7865 | Temple   | Entered the Ecumenical Temple
  9332 | D:7      | Found a snail-covered altar of Cheibriados.
  9358 | D:7      | Reached XP level 9. HP: 57/72 MP: 15/15
  9453 | D:7      | Noticed Joseph
  9906 | D:7      | Killed Joseph
  9907 | D:7      | Reached skill level 7 in Unarmed Combat
 10138 | D:7      | Reached skill level 5 in Fighting
 10193 | D:7      | Noticed Maggie
 10213 | D:7      | Killed Maggie
 10214 | D:7      | Reached skill level 5 in Ice Magic
 10364 | D:7      | Reached skill level 5 in Transmutations
 10647 | D:7      | Found a runed translucent door.
 10648 | D:7      | Noticed Crazy Yiuf
 11189 | D:7      | Reached skill level 5 in Spellcasting
 11273 | D:7      | Killed Crazy Yiuf
 11417 | D:8      | Reached skill level 8 in Unarmed Combat
 11591 | D:8      | Reached skill level 5 in Dodging
 11622 | D:8      | Found Vautuepe's Magic Scroll Emporium.
 11630 | D:8      | Bought a scroll of identify for 26 gold pieces
 11630 | D:8      | Bought a scroll of identify for 26 gold pieces
 11658 | D:8      | Noticed Maurice
 11672 | D:8      | Killed Maurice
 11673 | D:8      | Reached XP level 10. HP: 79/83 MP: 13/17
 12387 | D:9      | Learned a level 5 spell: Blade Hands
 12627 | D:9      | Found a sacrificial altar of Ru.
 12632 | D:9      | Found a stormy altar of Qazlal.
 12752 | D:9      | Became a worshipper of Ru the Awakened
 12787 | D:9      | Got a shimmering ivory ring
 12864 | D:9      | Found a hazy altar of Hepliaklqana.
 13148 | D:9      | Found a staircase to the Lair.
 13185 | D:10     | Entered Level 10 of the Dungeon
 13188 | D:10     | Identified a scroll of acquirement
 13188 | D:10     | Acquired the +1 cloak of Daqum {Dex+2}
 13308 | D:10     | Reached skill level 9 in Unarmed Combat
 13313 | D:10     | Reached skill level 1 in Evocations
 13847 | D:10     | Found a staircase to the Orcish Mines.
 14120 | Lair:1   | Entered Level 1 of the Lair of Beasts
 14179 | Lair:1   | Noticed a four-headed hydra
 14189 | Lair:1   | Killed a four-headed hydra
 14846 | Lair:1   | Noticed a cane toad
 14851 | Lair:1   | Killed a cane toad
 14852 | Lair:1   | Reached XP level 11. HP: 92/92 MP: 13/18
 15056 | Lair:1   | Reached skill level 10 in Unarmed Combat
 15554 | Lair:2   | Identified the ring "Arucroiq" {+Fly rPois rF+ rC- Stlth+}
                  | (You found it on level 9 of the Dungeon)
 16532 | Lair:2   | HP: 4/112 [killer bee (8)]
 16965 | Lair:2   | Noticed a four-headed hydra
 16973 | Lair:2   | Killed a four-headed hydra
 18063 | Lair:3   | Noticed a death yak
 18063 | Lair:3   | Noticed a death yak
 18063 | Lair:3   | Noticed a death yak
 18063 | Lair:3   | Noticed a death yak
 18063 | Lair:3   | Noticed a death yak
 18063 | Lair:3   | Noticed a death yak
 18078 | Lair:2   | Killed a death yak
 18079 | Lair:2   | Reached skill level 11 in Unarmed Combat
 18085 | Lair:2   | Killed a death yak
 18305 | Lair:2   | Slain by a death yak

Illustrated notes

Levels and vault maps discovered:
D:1:      beargit_arrival_greenhouse, layout_basic, okawaru_ov_weapons_minmay
D:2:      layout_basic
D:3:      layout_rooms, tgw_trog
D:4:      layout_loops_ring, uniq_sigmund, uniq_eustachio
D:5:      layout_layer_cave, serial_shops, shop, shop, nicolae_shop_statue_plus,
          nicolae_shop_crystal, vehumet_altar_wand_db
D:6:      layout_loops_ring, grunt_temple_overflow_growth_and_decay,
          old_standard_altar, gammafunk_temple_overflow_pools,
          kennysheep_little_box, nemelex_xobeh_ov_fountains_minmay,
          serial_shops, shop_statue, minmay_unpleasant_kobolds
D:7:      layout_rooms, cheibriados_altar_1, uniq_crazy_yiuf_cottage,
          uniq_joseph, uniq_maggie
D:8:      layout_cave_pools, serial_shops,
          nicolae_shop_temple_entry_statues_fountains, uniq_maurice
D:9:      layout_rooms, nzn_hepliaklqana_mist_gate, grunt_temple_overflow_open,
          david_lair_shrubbed
D:10:     layout_long_grid, orc_0_dummy, serial_glass, glass_columns_b,
          glass_columns_a, glass_columns_b, glass_columns_a
Temple:   chequers_temple_sunken
Lair:1:   layout_misc_corridors, chequers_serial_rivers_micro_c,
          grunt_megastairs_1
Lair:2:   layout_roguey, special_room [special_room_bee], serial_bayou_shore_a
Lair:3:   layout_regular_city, spider_nest_entry_webs, basic_altar

Skill      XL: |  1  2  3  4  5  6  7  8  9 10 11 |
---------------+----------------------------------+-----
Dodging        | 2 3 4 5 6 7 |  7.1
Fighting       | 2 3 4 5 7 8 |  8.3
Unarmed Combat | 4 5 6 8 9 11 | 11.1
Poison Magic   | 1 2 3 |  3.0
Transmutations | 3 4 5 6 7 |  7.8
Spellcasting   | 3 4 5 |  5.2
Ice Magic      | 1 2 4 5 |  5.0
Evocations     | 2 4 |  4.6

Action                   |  1- 3 |  4- 6 |  7- 9 | 10-12 || total
-------------------------+-------+-------+-------+-------++-------
Melee: Unarmed           |    77 |   223 |   483 |   372 ||  1155
       Tailslap          |     8 |    17 |    12 |     7 ||    44
       Kick              |     7 |    11 |     3 |       ||    21
       Headbutt          |     4 |     9 |       |       ||    13
       Punch             |       |     2 |     5 |     1 ||     8
 Cast: Beastly Appendage |    16 |    26 |     2 |       ||    44
       Spider Form       |     3 |    17 |    50 |     3 ||    73
       Ice Form          |       |       |       |    34 ||    34
       Blade Hands       |       |       |       |     2 ||     2
Invok: Reject Sacrifices |       |       |       |     1 ||     1
Evoke: Wand              |       |       |       |     3 ||     3
  Use: Scroll            |       |     7 |     2 |    15 ||    24
       Potion            |       |       |     1 |     8 ||     9
 Stab: Sleeping          |     1 |     2 |       |       ||     3
Armor: Skin              |    28 |    56 |    85 |   146 ||   315
Dodge: Dodged            |    58 |   154 |   387 |   283 ||   882

Table legend: (Time is in decaauts)
 A = Elapsed time spent in this place.
 B = Non-inter-level travel time spent in this place.
 C = Inter-level travel time spent in this place.
 D = Time resting spent in this place.
 E = Time spent auto-exploring this place.
 F = Levels seen in this place.
 G = Mean time per level.
                   A        B        C        D        E       F      G
               +--------+--------+--------+--------+--------+-----+--------+
         Total |  18164 |  17635 |    529 |   2010 |  12981 |  14 | 1297.4 |
       Dungeon |  13237 |  12775 |    462 |   1084 |   9469 |  10 | 1323.7 |
        Temple |    783 |    760 |     23 |    259 |    501 |   1 |  783.0 |
          Lair |   4143 |   4100 |     43 |    667 |   3011 |   3 | 1381.0 |
               +--------+--------+--------+--------+--------+-----+--------+

Top non-repeatable levels by time:
  Lair:2: 2230 daAuts
     D:7: 1976 daAuts
     D:6: 1937 daAuts
  Lair:1: 1909 daAuts
     D:3: 1640 daAuts
     D:5: 1614 daAuts
     D:2: 1190 daAuts
     D:9: 1153 daAuts
     D:1: 1148 daAuts
     D:4: 1019 daAuts
    D:10: 891 daAuts
  Temple: 783 daAuts
     D:8: 664 daAuts
  Lair:3: 4 daAuts
